Map: Heavy Artillery LE

Players

qqq - Winner!

  • Race: Zerg Zerg
  • Spawn Location: 1:00

Massa - Winner!

  • Race: Terran Terran
  • League: Platinum
  • Spawn Location: 3:00

Xeno

  • Race: Zerg Zerg
  • League: Diamond
  • Spawn Location: 7:00

KTR

  • Race: Zerg Zerg
  • Spawn Location: 7:00

VOD

Have the link to the VOD?

Description

Time

  • Played on: Oct. 29, 2020, 5:47 p.m.
  • Length: 15:31
Show
View Real Time Build Order
Export as new Build Order

qqq Zerg - Winner!

Build Orders: Hatch First, Brood Lord Corruptor 

Get SALT Encoding   

  12  0:00  Drone  
  13  0:08  Drone  
  14  0:36  Hatchery  
  14  0:39  Drone  
  14  0:56  Spawning Pool  
  13  1:03  Overlord  
  13  1:09  Drone  
  14  1:18  Extractor  
  14  1:19  Drone  
  14  1:27  Drone  
  14  1:28  Drone  
  16  1:38  Drone  
  17  1:46  Queen  
  19  2:03  Drone x2  
  19  2:04  Drone x2  
  23  2:11  Queen  
  25  2:22  Drone x2  
  27  2:24  Overlord  
  27  2:33  Extractor  
  26  2:42  Drone  
  27  2:46  Drone x2  
  27  2:49  Spine Crawler  
  27  2:51  Spine Crawler  
  27  2:55  Lair  
  27  2:59  Drone  
  27  3:02  Drone  
  29  3:09  Drone  
  29  3:10  Drone  
  31  3:13  Drone  
  31  3:15  Overlord  
  31  3:18  Drone  
  33  3:29  Spine Crawler  
  32  3:38  Drone x5  
  32  3:39  Spine Crawler  
  32  3:40  Drone  
  37  3:55  Spine Crawler  
  36  4:07  Spine Crawler  
  35  4:10  Drone, Queen  
  35  4:11  Drone x2  
  40  4:22  Spine Crawler x2  
  38  4:26  Drone  
  38  4:27  Drone x3, Spire  
  41  4:33  Drone x2  
  43  4:39  Spine Crawler  
  43  4:44  Extractor  
  41  4:47  Drone  
  41  4:49  Extractor  
  41  4:51  Extractor  
  40  4:53  Spine Crawler  
  40  4:56  Spine Crawler  
  38  5:04  Zergling x6  
  38  5:05  Drone x2  
  43  5:32  Drone x2  
  43  5:37  Drone  
  44  5:46  Overlord  
  44  5:47  Overlord x2  
  44  5:52  Hatchery  
  43  6:02  Overlord  
  43  6:08  Mutalisk  
  43  6:11  Drone x3  
  48  6:23  Mutalisk x2  
  48  6:25  Drone  
  53  6:28  Zerg Flyer Weapons Level 1  
  53  6:30  Mutalisk x2  
  57  6:33  Mutalisk  
  57  6:36  Drone  
  60  6:45  Mutalisk  
  62  6:48  Overlord  
  62  6:49  Mutalisk x2  
  66  7:08  Drone, Mutalisk x2  
  67  7:10  Drone  
  72  7:25  Hatchery, Mutalisk x2  
  72  7:27  Drone x2  
  72  7:29  Hatchery  
  76  7:43  Hatchery  
  58  8:09  Mutalisk x5  
  58  8:11  Drone x3  
  69  8:21  Infestation Pit  
  69  8:27  Extractor  
  67  8:33  Extractor, Drone  
  67  8:34  Drone, Overlord x3  
  68  8:35  Mutalisk  
  68  8:36  Mutalisk  
  68  8:37  Overlord x5  
  72  8:44  Evolution Chamber  
  72  8:46  Drone, Queen, Evolution Chamber  
  72  8:47  Mutalisk  
  75  8:49  Zergling x8  
  75  8:51  Drone  
  75  8:52  Drone  
  75  8:55  Drone  
  82  9:01  Hive  
  82  9:14  Drone x4  
  82  9:15  Drone x5  
  91  9:21  Zerg Melee Weapons Level 1  
  91  9:22  Zerg Missile Weapons Level 1  
  91  9:39  Drone x2  
  91  9:40  Drone x7  
  100  9:47  Overlord x3  
  100  9:50  Mutalisk x3  
  100  9:51  Zergling x4  
  109  9:52  Drone  
  109  10:10  Mutalisk  
  109  10:11  Mutalisk x2  
  109  10:12  Drone x4  
  109  10:13  Drone x7  
  126  10:15  Greater Spire  
  126  10:19  Drone  
  127  10:22  Extractor  
  127  10:26  Corruptor x2  
  130  10:36  Drone x4  
  130  10:37  Drone x4  
  130  10:40  Spine Crawler  
  130  10:41  Spine Crawler  
  136  10:44  Corruptor x2, Overlord x2  
  136  10:47  Corruptor  
  142  10:50  Drone x3  
  142  10:51  Drone  
  146  10:57  Extractor  
  146  10:58  Extractor  
  146  10:59  Extractor  
  146  11:01  Extractor x2, Spine Crawler, Drone x2  
  146  11:02  Drone x4, Overlord  
  146  11:09  Metabolic Boost  
  146  11:11  Drone  
  146  11:12  Drone x3  
  146  11:17  Zerg Ground Armor Level 1  
  150  11:38  Drone x7  
  150  11:39  Drone x3  
  158  11:41  Brood Lord x4  
  158  11:42  Brood Lord, Corruptor  
  170  11:59  Drone x2  
  170  12:00  Drone x6  
  178  12:06  Corruptor x5  
  178  12:07  Overlord  
  188  12:09  Drone x4  
  188  12:15  Corruptor  
  194  12:17  Brood Lord  
  194  12:21  Drone x4  
  200  12:53  Zerg Flyer Weapons Level 2  
  200  12:55  Zerg Melee Weapons Level 2  
  199  13:09  Hatchery  
  199  13:10  Zerg Missile Weapons Level 2  
  191  13:17  Brood Lord x3  
  191  13:18  Brood Lord x2  
  200  13:21  Hatchery  
  200  13:23  Ultralisk Cavern  
  200  13:26  Nydus Network  
  197  13:31  Hydralisk Den  
  196  13:35  Brood Lord  
  180  14:53  Mutalisk x5  
  180  14:54  Mutalisk x4  
  180  14:56  Drone x2  
Show
View Real Time Build Order
Export as new Build Order

Massa Terran - Winner!

Build Orders: Gas First Reaper Expand 

Get SALT Encoding   

  12  0:01  SCV  
  13  0:13  SCV  
  14  0:26  Refinery, Supply Depot  
  14  0:27  SCV  
  15  0:47  SCV  
  15  0:49  Barracks  
  16  0:59  SCV  
  17  1:12  SCV  
  18  1:24  SCV  
  19  1:40  Orbital Command  
  19  1:41  Reaper  
  20  1:50  Command Center  
  20  2:05  SCV  
  21  2:12  Supply Depot  
  21  2:13  Marine  
  22  2:16  Factory  
  22  2:45  SCV  
  23  2:57  SCV  
  24  3:09  SCV  
  24  3:11  Barracks Reactor  
  25  3:19  Factory Tech Lab, Supply Depot  
  24  3:20  Supply Depot  
  24  3:27  Starport  
  24  3:35  Starport, Refinery  
  24  3:43  Refinery, SCV  
  24  3:47  Orbital Command  
  25  3:52  Marine x2  
  27  3:56  SCV  
  28  4:05  Starport Tech Lab  
  28  4:08  Refinery, SCV  
  29  4:10  Marine x2  
  29  4:14  Starport Tech Lab  
  29  4:16  SCV  
  32  4:20  SCV  
  32  4:28  SCV, Marine x2  
  32  4:29  Banshee  
  38  4:32  SCV  
  39  4:39  Banshee  
  44  4:47  Marine  
  45  4:54  Barracks  
  45  4:57  Barracks  
  43  5:00  Factory  
  43  5:12  Banshee  
  43  5:22  Banshee  
  46  5:47  Cloaking Field  
  46  6:14  Factory Tech Lab  
  46  6:15  Supply Depot x2  
  46  6:16  Barracks Reactor, Barracks Tech Lab, Supply Depot  
  46  6:19  Barracks Reactor  
  46  6:36  Banshee  
  46  6:37  Banshee, SCV x2  
  54  6:40  Supply Depot  
  54  6:41  Supply Depot  
  54  6:49  SCV x2  
  56  6:56  Engineering Bay  
  57  7:01  SCV x2  
  58  7:13  SCV x2  
  54  7:58  Marauder, Marine  
  50  7:59  Marine x3  
  50  8:00  Stimpack  
  50  8:05  Siege Tank  
  57  8:06  Command Center  
  57  8:15  Medivac  
  57  8:16  Marine  
  57  8:17  Marine x3  
  57  8:19  Marauder  
  67  8:20  Liberator  
  68  8:27  Barracks  
  68  8:28  Barracks  
  68  8:29  Barracks, Terran Infantry Weapons Level 1  
  68  8:31  Barracks, Engineering Bay  
  68  8:33  Armory  
  68  8:34  Marine x4  
  68  8:37  Siege Tank  
  68  8:41  Marauder  
  77  8:52  Marine  
  78  8:56  Supply Depot  
  78  8:57  Supply Depot  
  78  8:58  Supply Depot  
  78  9:01  Supply Depot  
  78  9:17  Liberator, Marine x3, Medivac  
  78  9:18  Marauder  
  78  9:21  Supply Depot  
  78  9:23  Supply Depot  
  88  9:24  Supply Depot  
  88  9:28  Marine  
  89  9:31  Barracks Reactor, Barracks Tech Lab  
  89  9:32  Barracks Reactor, Barracks Tech Lab  
  89  9:35  Marine x3  
  92  9:39  Marauder  
  94  9:46  Marine  
  95  10:01  Marauder  
  95  10:05  Marauder x2  
  101  10:09  Combat Shield  
  101  10:21  SCV  
  101  10:22  SCV, Marauder  
  101  10:26  Marauder x2  
  109  10:33  SCV, Missile Turret  
  109  10:34  SCV  
  111  10:43  Marauder  
  111  10:45  SCV  
  111  10:47  Marauder  
  111  10:48  Marauder  
  118  10:50  Siege Tank  
  121  11:02  Smart Servos  
  121  11:05  Marauder  
  121  11:06  Marine x3  
  121  11:07  Marine x3  
  121  11:08  SCV x2  
  121  11:09  Marauder x2  
  135  11:19  Medivac x2  
  135  11:20  SCV  
  135  11:21  SCV  
  135  11:22  Siege Tank  
  144  11:26  Marauder  
  144  11:30  Marauder  
  144  11:32  SCV, Bunker  
  149  11:34  Planetary Fortress  
  149  11:39  Command Center  
  149  11:58  Terran Infantry Weapons Level 2  
  149  12:00  Supply Depot  
  149  12:02  Terran Infantry Armor Level 1, Supply Depot  
  149  12:03  Supply Depot  
  149  12:19  Bunker  
  149  12:22  SCV x3, Marauder, Medivac  
  156  12:24  Marauder x2, Medivac  
  156  12:26  Refinery  
  156  12:28  Refinery  
  156  12:29  Missile Turret  
  162  12:34  SCV x3, Marine x2  
  162  12:35  Supply Depot  
  167  12:39  Concussive Shells  
  167  12:40  Supply Depot  
  167  12:43  Marauder  
  169  12:45  Marauder x2  
  169  12:50  SCV x3  
  176  12:54  Marine x5  
  176  12:55  Marine x3  
  176  12:57  Siege Tank  
  187  13:01  Supply Depot  
  187  13:05  Marauder  
  189  13:07  Marauder x2, Supply Depot  
  189  13:08  SCV x3  
  196  13:20  SCV x3  
  196  13:26  Drilling Claws  
  199  13:32  SCV  
  200  13:42  Armory  
  154  14:35  Marauder x3, Marine  
  154  14:36  Marine x2  
  140  14:50  Medivac  
  140  14:51  Medivac  
  144  14:56  Marauder x3  
  147  15:11  Marine  
  147  15:12  Marine x7  
Show
View Real Time Build Order
Export as new Build Order

Xeno Zerg 

Build Orders: Pool First 

Get SALT Encoding   

  12  0:00  Drone  
  13  0:14  Overlord  
  13  0:17  Drone  
  14  0:32  Drone x2  
  16  0:37  Drone  
  16  0:39  Extractor  
  16  0:51  Drone  
  16  0:55  Spawning Pool  
  16  1:01  Drone  
  17  1:20  Hatchery  
  17  1:25  Drone  
  17  1:29  Drone  
  18  1:41  Queen  
  18  1:46  Metabolic Boost  
  20  1:54  Zergling x2  
  21  2:02  Roach Warren  
  20  2:10  Overlord  
  20  2:48  Roach  
  20  2:49  Roach x4  
  30  2:58  Roach x3  
  36  3:20  Overlord x2  
  36  3:40  Zergling x2  
  36  3:41  Zergling x10  
  42  3:46  Ravager  
  43  4:02  Ravager  
  40  4:24  Ravager  
  40  4:31  Zergling x2  
  40  4:32  Zergling x16  
  49  4:47  Ravager  
  50  4:53  Drone  
  50  4:56  Extractor  
  51  5:00  Drone  
  51  5:06  Queen  
  40  5:38  Spore Crawler  
  40  5:41  Spore Crawler  
  40  5:42  Queen  
  37  5:46  Drone  
  37  5:47  Drone x4  
  39  5:50  Drone  
  39  5:51  Drone x3  
  40  6:00  Zergling x8  
  42  6:13  Lair  
  42  6:17  Spore Crawler  
  40  6:18  Spore Crawler  
  40  6:21  Spore Crawler x2  
  37  6:26  Drone  
  37  6:27  Drone  
  38  6:43  Drone  
  38  6:44  Drone x5  
  42  7:02  Extractor  
  42  7:04  Extractor  
  40  7:08  Drone  
  40  7:09  Drone x3  
  40  7:15  Hydralisk Den  
  42  7:16  Drone x3  
  42  7:30  Spore Crawler  
  42  7:33  Overseer  
  42  7:36  Queen  
  43  7:48  Hydralisk x4  
  51  8:00  Zergling x2  
  51  8:01  Zergling x4  
  52  8:25  Grooved Spines  
  52  8:28  Baneling Nest  
  51  8:39  Hatchery  
  51  8:40  Drone x2  
  52  9:21  Overlord x2  
  52  9:22  Overlord x3  
  52  9:36  Muscular Augments  
  52  9:41  Pneumatized Carapace  
  51  10:11  Drone x2  
  52  10:14  Spire  
  52  10:19  Hydralisk x2, Overlord x2  
  52  10:20  Hydralisk x9  
  72  10:26  Spore Crawler  
  72  10:27  Spore Crawler  
  70  10:46  Drone  
  70  10:47  Drone x7  
  78  11:27  Extractor  
  78  11:28  Extractor  
  78  11:29  Spore Crawler  
  78  11:30  Centrifical Hooks  
  78  11:31  Infestation Pit  
  74  11:33  Drone x13  
  87  11:55  Spore Crawler  
  86  12:03  Infestation Pit  
  86  12:08  Zergling x10  
  87  12:09  Zergling x16  
  87  12:10  Spore Crawler  
  98  12:17  Hive  
  98  12:31  Spore Crawler  
  97  12:42  Baneling  
  97  12:43  Baneling x20  
  97  12:44  Baneling x2  
  97  12:47  Queen  
  99  12:58  Drone, Lurker Den  
  98  12:59  Drone x4  
  98  13:00  Drone  
  98  13:01  Drone  
  104  13:28  Overlord x3  
  104  13:32  Hatchery  
  103  13:37  Viper  
  106  13:47  Viper  
  106  13:48  Viper x4  
  101  14:27  Hydralisk x11  
  101  14:28  Hydralisk x3  
  129  14:38  Zergling x4  
  120  14:39  Zergling x10  
  119  14:51  Zergling x2  
  119  14:52  Zergling x12  
  126  14:54  Lurker  
Show
View Real Time Build Order
Export as new Build Order

KTR Zerg 

Build Orders: Pool First, Lurkers 

Get SALT Encoding   

  12  0:00  Drone  
  13  0:12  Overlord  
  13  0:17  Drone  
  14  0:31  Drone x2  
  14  0:35  Drone  
  17  0:46  Drone, Extractor  
  17  0:57  Drone, Spawning Pool  
  17  1:07  Drone  
  18  1:20  Hatchery  
  17  1:28  Drone  
  17  1:30  Drone  
  19  1:41  Drone  
  20  1:56  Roach Warren, Queen  
  20  1:59  Zergling x2  
  22  2:05  Overlord  
  22  2:12  Overlord  
  22  2:33  Metabolic Boost  
  22  2:40  Drone x3  
  22  2:44  Roach x2  
  27  2:49  Queen  
  31  2:54  Roach x2  
  34  3:10  Roach x2  
  38  3:17  Roach  
  38  3:18  Overlord x2  
  40  3:26  Roach  
  42  3:30  Overlord  
  42  3:38  Roach  
  42  3:41  Drone  
  45  3:43  Zergling x2  
  45  3:46  Zergling x4  
  45  3:47  Zergling x2  
  49  4:05  Ravager  
  50  4:19  Zergling x2  
  50  4:20  Zergling x12  
  52  4:34  Ravager  
  52  4:38  Drone x3  
  33  5:34  Lair  
  33  5:35  Spore Crawler  
  29  5:37  Spore Crawler  
  29  5:39  Drone x3, Spore Crawler  
  29  5:40  Drone x3  
  33  5:46  Spore Crawler  
  33  5:47  Extractor  
  31  6:03  Drone  
  33  6:04  Drone x2  
  33  6:09  Drone x3  
  37  6:12  Drone x2  
  37  6:13  Drone x2  
  37  6:16  Extractor  
  37  6:17  Drone x2  
  37  6:18  Extractor  
  41  6:27  Overlord x2  
  41  6:42  Drone x2  
  41  6:43  Drone x2  
  41  6:44  Drone x2  
  47  6:51  Hydralisk Den, Evolution Chamber  
  45  6:56  Evolution Chamber  
  45  6:57  Drone  
  45  6:58  Spore Crawler  
  44  7:03  Spore Crawler  
  44  7:04  Drone  
  44  7:05  Drone  
  44  7:06  Spore Crawler  
  44  7:11  Drone x2  
  44  7:13  Queen  
  48  7:16  Queen  
  48  7:20  Muscular Augments  
  48  7:21  Hydralisk x3  
  53  7:42  Hydralisk x2  
  53  7:43  Hydralisk x6  
  65  7:51  Hydralisk x2  
  65  7:54  Queen  
  69  8:18  Zerg Missile Weapons Level 1  
  69  8:19  Zerg Ground Armor Level 1  
  69  8:29  Zergling x4  
  69  8:30  Zergling x10  
  76  8:38  Hatchery  
  75  8:43  Zergling x4  
  77  8:57  Grooved Spines  
  77  8:59  Drone x3  
  77  9:00  Drone  
  77  9:01  Drone  
  77  9:02  Drone  
  82  9:06  Overlord  
  82  9:07  Overlord x2  
  80  9:28  Hatchery  
  79  9:34  Overseer  
  79  9:35  Pneumatized Carapace  
  74  10:33  Hydralisk  
  74  10:34  Hydralisk x10  
  96  10:38  Overseer  
  96  10:47  Extractor x2  
  94  10:52  Spore Crawler  
  94  10:53  Zergling x8, Spore Crawler  
  96  11:07  Overlord x2  
  96  11:08  Overlord x2  
  96  11:12  Hydralisk x7  
  107  11:21  Hydralisk x3  
  112  11:30  Drone  
  114  11:32  Drone  
  114  11:33  Drone  
  113  11:52  Drone  
  113  11:53  Drone x3  
  113  11:54  Drone x2  
  119  12:01  Spine Crawler, Spore Crawler x2  
  119  12:02  Lurker Den  
  119  12:03  Spine Crawler  
  119  12:06  Zerg Missile Weapons Level 2  
  114  12:27  Hydralisk  
  114  12:28  Hydralisk x3  
  122  12:37  Overlord  
  122  12:45  Queen  
  122  12:49  Zerg Ground Armor Level 2  
  123  13:18  Lurker x4  
  127  13:33  Infestation Pit  
  126  13:34  Hydralisk x4  
  126  13:35  Hydralisk x4  
  142  13:45  Hydralisk x2  
  52  14:47  Zergling x2  
  52  14:48  Zergling x36  
  71  14:56  Hydralisk  
  73  15:04  Zergling x2  
  73  15:05  Zergling x4  
  68  15:11  Zergling x2  
  44  15:23  Spine Crawler  
  44  15:24  Spine Crawler  
  44  15:26  Spore Crawler  
  44  15:27  Spine Crawler  
Tags
 
Add a new tag
Caveats
  • Supply blocks, unpowered buildings, or Contaminate may cause inaccurate times.
  • Supply counts are checked every 10 seconds.